Map: Cyber Forest LE

Players

TLO

  • Race: Zerg Zerg
  • Spawn Location: 11:00

goblin - Winner!

  • Race: Protoss Protoss
  • Spawn Location: 5:00

Event: IEM Season 13: Katowice (2019)

VOD

Have the link to the VOD?

Description

Time

  • Played on: Feb. 25, 2019, 10:10 a.m.
  • Length: 7:39

All games in this series

Show
View Real Time Build Order
Export as new Build Order

TLO Zerg 

Build Orders: Pool First 

Get SALT Encoding   

  12  0:00  Drone  
  13  0:12  Overlord  
  13  0:16  Drone  
  14  0:31  Drone x2  
  16  0:41  Spawning Pool  
  15  0:44  Drone  
  15  0:48  Drone  
  17  1:03  Drone  
  18  1:12  Hatchery  
  18  1:15  Extractor  
  16  1:28  Zergling x6  
  19  1:33  Queen  
  21  1:41  Overlord  
  21  1:52  Drone  
  22  2:00  Drone  
  23  2:09  Queen  
  23  2:12  Zergling x2  
  26  2:17  Metabolic Boost  
  26  2:22  Drone  
  28  2:30  Drone  
  28  2:41  Hatchery  
  28  2:43  Zergling x2  
  28  2:48  Drone  
  28  2:49  Drone  
  30  2:53  Zergling x2  
  30  2:57  Drone  
  32  3:00  Drone  
  32  3:04  Drone  
  34  3:06  Overlord  
  34  3:11  Drone  
  34  3:12  Drone  
  35  3:18  Drone  
  35  3:23  Overlord  
  35  3:28  Spore Crawler  
  35  3:30  Spore Crawler  
  35  3:31  Drone  
  35  3:34  Drone  
  35  3:42  Drone x2  
  35  3:43  Drone x2  
  35  3:45  Drone  
  40  3:50  Overlord  
  40  3:53  Drone  
  41  3:55  Drone  
  41  4:01  Zergling x2  
  41  4:02  Zergling x2  
  43  4:03  Zergling x4  
  43  4:05  Zergling x2  
  43  4:07  Drone  
  45  4:10  Zergling x2  
  45  4:13  Zergling x2  
  45  4:16  Baneling Nest  
  46  4:20  Zergling x6  
  48  4:25  Zergling x4  
  48  4:28  Zergling x2  
  48  4:29  Zergling x2  
  48  4:30  Drone  
  48  4:31  Zergling x2  
  54  4:33  Zergling x2  
  54  4:37  Zergling x2  
  56  4:40  Zergling x2  
  57  4:45  Zergling x2  
  57  4:47  Zergling x2  
  57  4:51  Drone  
  57  4:52  Zergling x2  
  57  4:53  Zergling x2  
  57  4:55  Drone  
  57  4:57  Overlord  
  57  4:58  Extractor  
  56  5:00  Baneling  
  56  5:01  Baneling x5  
  56  5:02  Baneling  
  56  5:04  Zergling x2  
  57  5:07  Overlord, Spine Crawler, Zergling x2  
  57  5:12  Baneling  
  57  5:13  Overlord  
  57  5:15  Overlord  
  57  5:18  Zergling x2  
  58  5:25  Drone x3  
  58  5:26  Drone  
  58  5:27  Drone  
  62  5:30  Drone  
  62  5:33  Zergling x4  
  62  5:34  Zergling x4  
  62  5:35  Baneling x2  
  66  5:40  Zergling x2  
  66  5:41  Zergling x2  
  67  5:47  Queen  
  67  5:48  Zergling x2  
  70  5:51  Zergling x2  
  70  5:52  Zergling x2  
  70  5:53  Zergling x2  
  70  5:56  Zergling x2  
  70  5:57  Zergling x4  
  74  6:03  Queen  
  77  6:04  Baneling x2  
  77  6:05  Zergling x2, Baneling x2  
  77  6:07  Drone  
  77  6:09  Zergling x2  
  77  6:11  Baneling x2  
  79  6:13  Zergling x2  
  79  6:17  Zergling x2  
  77  6:20  Zergling x4  
  77  6:22  Zergling x2  
  77  6:23  Zergling x2  
  79  6:26  Zergling x4  
  79  6:28  Zergling x2  
  79  6:30  Zergling x2  
  79  6:31  Baneling x2  
  81  6:34  Zergling x2  
  81  6:36  Queen  
  81  6:37  Zergling x2  
  81  6:39  Zergling x2  
  86  6:40  Baneling  
  86  6:41  Baneling x3  
  86  6:42  Zergling x2  
  86  6:46  Zergling x2  
  76  6:49  Zergling x2  
  76  6:53  Zergling x2  
  60  6:57  Zergling x2  
  60  6:58  Zergling x2  
  60  6:59  Zergling x4  
  57  7:01  Zergling x2  
  57  7:03  Queen  
  57  7:05  Zergling x2  
  57  7:07  Zergling x2  
  57  7:08  Baneling x2  
  56  7:09  Zergling x2, Baneling x2  
  56  7:10  Baneling x2  
  56  7:14  Baneling  
  57  7:20  Zergling x2  
Show
View Real Time Build Order
Export as new Build Order

goblin Protoss - Winner!

Build Orders: 1 Gate Expand 

Get SALT Encoding   

  12  0:00  Probe  
  13  0:12  Probe  
  14  0:17  Pylon  
  14  0:24  Probe  
  15  0:32  Probe  
  15  0:38  Gateway  
  15  0:40  Probe  
  16  0:48  Assimilator  
  17  0:50  Probe  
  18  1:03  Probe  
  19  1:15  Probe  
  20  1:25  Cybernetics Core  
  20  1:36  Nexus  
  20  1:37  Probe  
  21  1:43  Pylon  
  21  1:51  Probe, Assimilator  
  21  1:52  Adept  
  22  2:00  Probe  
  25  2:11  Pylon  
  25  2:14  Pylon  
  25  2:15  Probe  
  26  2:24  Stalker  
  26  2:28  Probe  
  29  2:36  Twilight Council  
  29  2:40  Probe  
  30  2:44  Warp Gate  
  30  2:45  Probe  
  31  2:52  Probe  
  31  2:53  Probe  
  33  3:02  Probe, Robotics Facility  
  33  3:05  Probe  
  35  3:08  Adept  
  35  3:09  Resonating Glaives  
  37  3:14  Pylon  
  37  3:20  Probe  
  37  3:23  Probe  
  39  3:31  Shield Battery  
  39  3:34  Gateway  
  39  3:41  Probe  
  39  3:43  Probe  
  39  3:48  Gateway x2  
  41  3:50  Probe  
  42  3:58  Probe  
  42  4:00  Gateway  
  43  4:09  Warp Prism  
  41  4:13  Shield Battery  
  39  4:17  Gateway  
  39  4:18  Gateway  
  41  4:25  Pylon  
  41  4:26  Probe  
  42  4:33  Adept x2, Pylon  
  46  4:45  Adept x2  
  48  4:54  Shield Battery  
  48  4:58  Adept x3  
  52  5:01  Pylon  
  52  5:19  Adept x4  
  52  5:20  Adept x3  
  52  5:27  Adept x3  
  52  5:28  Adept x4  
  62  5:43  Pylon  
  62  5:49  Adept x7  
  76  6:15  Adept x3  
  76  6:16  Adept x2  
  76  6:29  Pylon x2  
  76  6:32  Adept x5  
  78  6:50  Adept x2  
  62  6:54  Adept x4  
  56  7:03  Adept  
  56  7:13  Gateway  
  56  7:19  Adept x4  
  56  7:20  Adept x3  
  64  7:36  Adept  

Tags
 
Add a new tag
Caveats
  • Supply blocks, unpowered buildings, or Contaminate may cause inaccurate times.
  • Supply counts are checked every 10 seconds.